 Dungeon Crawl Stone Soup version 0.30-a0-50-gb2d611f6b1 (webtiles) character file.

Game seed: 6618887812935647772

39 gruber the Grave Robber (level 3, -2/24 HPs)
             Began as a Demonspawn Necromancer on Sept 4, 2022.
             Slain by a gnoll
             ... wielding a +0 flail
              (7 damage)
             ... on level 1 of the Dungeon.
             The game lasted 00:01:00 (1570 turns).

gruber the Grave Robber (Demonspawn Necromancer)    Turns: 1570, Time: 00:01:00

Health: -2/24      AC:  2    Str:  8    XL:     3   Next: 26%
Magic:  5/6        EV: 12    Int: 18    God:
Gold:   92         SH:  0    Dex: 15    Spells: 6/7 levels left

rFire   . . .      SeeInvis .    (no weapon)
rCold   . . .      Faith    .    (no shield)
rNeg    . . .      Spirit   .    a - +0 robe
rPois   .          Reflect  .    (no helmet)
rElec   .          Harm     .    (no cloak)
rCorr   .          Rampage  .    (no gloves)
Will    .....                    (no boots)
Stlth   +++.......               (no amulet)
HPRegen 0.08/turn                (no ring)
MPRegen 0.10/turn                (no ring)

@: no status effects
A: thin skeletal structure 1
a: no special abilities


You were on level 1 of the Dungeon.
You visited 1 branch of the dungeon, and saw 2 of its levels.

You collected 92 gold pieces.

Inventory:

Armour
 a - a +0 robe (worn)
Scrolls
 f - 2 scrolls of identify {unknown}
 g - a scroll of torment {unknown}
 h - a scroll of teleportation {unknown}
Potions
 b - a potion of magic
 c - a potion of lignification {unknown}
 d - 3 potions of heal wounds {unknown}
 e - a potion of brilliance {unknown}
 i - a potion of might {unknown}


   Skills:
 - Level 1.7 Dodging
 - Level 1.7 Stealth
 + Level 2.6 Spellcasting
 + Level 5.2 Necromancy


You had 6 spell levels left.
You knew the following spells:

 Your Spells              Type           Power      Damage    Failure   Level
a - Necrotise             Necr           84%        1d8       1%          1

Your spell library contained the following spells:

 Spells                   Type           Power      Damage    Failure   Level
 Vampiric Draining        Necr           21%        2d7       6%          3
 Animate Dead             Necr           21%        N/A       21%         4
 Agony                    Necr           21%        N/A       50%         5


Dungeon Overview and Level Annotations

Branches:
Dungeon (2/15)

Altars:


Innate Abilities, Weirdness & Mutations

You have a somewhat thin skeletal structure. (Dex +2, Stealth+)


Message History

Found a hand axe.
Found a stone staircase leading down.
The gnoll shouts! x2
A gnoll comes into view. It is wielding a +0 flail.
Things that are here:
a scroll labelled PENYRPH ATOADERR; a +0 mace
There are monsters nearby!
The gnoll barely resists.
The gnoll writhes in agony.
The gnoll closely misses you.
The gnoll writhes in agony.
The gnoll closely misses you.
The gnoll writhes in agony.
The gnoll hits you with a +0 flail.
The gnoll writhes in agony!
You kill the gnoll!
The dead are walking!
The gnoll hits your gnoll skeleton with a +0 flail!
You can't see any susceptible monsters within range! (Use Z to cast anyway.) Unknown command.
The gnoll hits your gnoll skeleton with a +0 flail!
Your gnoll skeleton is destroyed!
There is a stone staircase leading up here.
You climb upwards.
There is a stone staircase leading down here.
You start resting.
HP restored.
You start resting.
Magic restored.
You climb downwards.
The gnoll hits you with a +0 flail!
There is a stone staircase leading up here.
The gnoll hits you with a +0 flail!
Ouch! That really hurt!
* * * LOW HITPOINT WARNING * * *
You climb upwards.
There is a stone staircase leading down here.
Unknown command.
Casting: Necrotise (safe; 1% risk of failure)
Confirm with . or Enter, or press ? or * to list all spells.
Aiming: Necrotise (safe; 1% risk of failure)
Press: ? - help, Shift-Dir - straight line, f - gnoll
Aim: a gnoll, wielding a +0 flail (chance to affect: 85%)
The gnoll barely resists.
The gnoll hits you with a +0 flail!
You die...

......#.......# #.#
#####...#####.# #.#
##.## #.# #.# #.# #.#
#.# ######.# #.# #.#
.......# #.#####.#
######## #....##.#
##..# ##.##.##.#
....# ##...#@##.#
###.# ##....g.##.# #
#.######.......##.#
###....†..).........#
........##.......####
#######.........## #
######...## ##.## ###


You could see a gnoll.

Vanquished Creatures
  A gnoll (D:2)
  2 endoplasms (D:1)
  4 giant cockroaches (D:2)
  A goblin (D:1)
  4 hobgoblins (D:1)
  4 jackals (D:1)
  3 kobolds
  A quokka (D:1)
  A ball python (D:1)
  A bat (D:1)
  A frilled lizard (D:1)
  2 rats (D:1)
25 creatures vanquished.

Notes
Turn   | Place    | Note
-------+----------+-------------------------------------------
     0 | D:1      | gruber the Demonspawn Necromancer began the quest for the
                  | Orb.
     0 | D:1      | Reached XP level 1. HP: 13/13 MP: 3/3
   645 | D:1      | Gained mutation: You have a somewhat thin skeletal
                  | structure. (Dex +2, Stealth+) [demonic ancestry]
   645 | D:1      | Reached XP level 2. HP: 19/19 MP: 3/5
   905 | D:1      | Reached skill level 5 in Necromancy
  1282 | D:1      | Found a faded altar of an unknown god.
  1385 | D:2      | Reached XP level 3. HP: 24/24 MP: 4/6
  1570 | D:1      | Slain by a gnoll

Illustrated notes

Levels and vault maps discovered:
D:1:      dpeg_arrival_tiny_i, layout_loops_ring,
          shapermc_ecumenical_altar_mp_vishouse
D:2:      layout_loops_ring, nicolae_kite_square_tiling_tiny,
          minmay_worlds_worst_comb

Skill      XL: |  1  2 |
---------------+-------+-----
Necromancy     | 5 |  5.2
Dodging        | |  1.7
Stealth        | |  1.7
Spellcasting   | |  2.6

Action                   || total
-------------------------++-------
Melee: Unarmed           ||    11
 Cast: Necrotise         ||    45
Armor: Robe              ||     3
Dodge: Dodged            ||    14

Table legend: (Time is in decaauts)
 A = Elapsed time spent in this place.
 B = Non-inter-level travel time spent in this place.
 C = Inter-level travel time spent in this place.
 D = Time resting spent in this place.
 E = Time spent auto-exploring this place.
 F = Levels seen in this place.
 G = Mean time per level.
                   A        B        C        D        E       F      G
               +--------+--------+--------+--------+--------+-----+--------+
         Total |   1571 |   1569 |      2 |     40 |   1383 |   2 |  785.5 |
       Dungeon |   1571 |   1569 |      2 |     40 |   1383 |   2 |  785.5 |
               +--------+--------+--------+--------+--------+-----+--------+

Top non-repeatable levels by time:
     D:1: 1348 daAuts
     D:2: 223 daAuts
